 Dungeon Crawl Stone Soup version 0.31.0-9-g3a7656b989 (webtiles) character file.

Game seed: 17537027139691529488

49 qw the Shooter (level 3, 0/18 HPs)
             Began as a Spriggan Hunter on Feb 2, 2024.
             Slain by a gnoll
             ... wielding a +0 flail
              (10 damage)
             ... on level 1 of the Dungeon.
             The game lasted 00:00:05 (707 turns).

qw the Shooter (Spriggan Hunter)                     Turns: 707, Time: 00:00:05

Health: 0/18       AC:  2    Str:  7    XL:     3   Next: 53%
Magic:  4/4        EV: 19    Int: 10    God:
Gold:   65         SH:  0    Dex: 20    Spells: 2/2 levels left

rFire   + . .        a - +0 shortbow
rCold   . . .        (shield currently unavailable)
rNeg    . . .        c - +0 robe
rPois   .            (helmet restricted)
rElec   .            (no cloak)
rCorr   +            (gloves unavailable)
SInv    +            (boots unavailable)
Will    .....        (no amulet)
Stlth   ++           e - ring of protection from fire
HPRegen 0.23/turn    f - ring of resist corrosion
MPRegen 0.09/turn

%: no passive effects
@: very quick
A: very small, no large weapons, unfitting armour, see invisible, speed 3
a: no special abilities


You were on level 1 of the Dungeon.
You visited 1 branch of the dungeon, and saw 2 of its levels.

You collected 91 gold pieces.
You spent 26 gold pieces at shops.


Innate Abilities, Weirdness & Mutations

You are very small and have problems with some larger weapons.
You are too small for most types of armour.
You have supernaturally acute eyesight. (SInv)
You cover ground extremely quickly. (Speed+++)


   Skills:
 - Level 1.5 Fighting
 + Level 4.8 Ranged Weapons
 - Level 4.0 Dodging
 - Level 1.5 Stealth


You had 2 spell levels left.
You didn't know any spells.
Your spell library was empty.

Inventory:

Hand Weapons
 a - a +0 shortbow (weapon)
Armour
 c - a +0 robe (worn)
Jewellery
 e - a ring of protection from fire (left hand)
 f - a ring of resist corrosion (right hand)
Potions
 d - a potion of resistance

Dungeon Overview and Level Annotations

Branches:
Dungeon (2/15)

Altars:

Shops:
D:1 *


Message History

The gnoll is heavily wounded.
The gnoll completely misses you. The goblin misses you.
You shoot an arrow. The arrow hits the gnoll.
The gnoll is severely wounded.
The gnoll misses you. The goblin completely misses you.
The gnoll completely misses you. The goblin barely misses you.
You shoot an arrow. The arrow hits the gnoll.
The gnoll is severely wounded.
The gnoll completely misses you. The goblin closely misses you.
You shoot an arrow. The arrow barely misses the gnoll.
The gnoll hits you with a +0 club. The goblin hits you with a +0 dagger.
You shoot an arrow.
The arrow hits the gnoll but does no damage.
The gnoll is severely wounded.
The gnoll misses you. The goblin barely misses you.
You shoot an arrow. The arrow closely misses the gnoll.
The gnoll closely misses you. The goblin hits you with a +0 dagger.
You shoot an arrow. The arrow hits the gnoll!
You kill the gnoll!
The goblin barely misses you.
You shoot an arrow. The arrow hits the goblin!
You kill the goblin!
You start resting.
HP restored.
You climb downwards.
The gnoll closely misses you.
There is a stone staircase leading up here.
704 ||| STAIRDANCE The gnoll hits you with a +0 flail.
The gnoll throws a throwing net.
The throwing net misses you.
You climb upwards.
There is a stone staircase leading down here.
You shoot an arrow. The arrow hits the gnoll!
The gnoll is heavily wounded.
The gnoll hits you with a +0 flail.
You shoot an arrow.
The arrow hits the gnoll but does no damage.
The gnoll is heavily wounded.
The gnoll hits you with a +0 flail!
Ouch! That really hurt!
You die...

######### #...#
#.....%.# ####.#####
#.......# ##....# #..
#.......# ##(.#### #.#
#.......# #..## #.#
#.......####.## #.#
#............# #.#
#.:...g.#############.#
#.....@...............#
#.....).#######......##
######### #.....)##
#....\... #......#.
#....).## #......#
#......# ########


You could see a gnoll.

Vanquished Creatures
  A gnoll (D:1)
  6 endoplasms (D:1)
  A giant cockroach (D:1)
  3 hobgoblins (D:1)
  8 jackals (D:1)
  2 quokkas (D:1)
  3 ball pythons (D:1)
  2 bats (D:1)
  3 frilled lizards (D:1)
  2 goblins (D:1)
  2 kobolds (D:1)
  4 rats (D:1)
37 creatures vanquished.

Notes
Turn   | Place    | Note
-------+----------+-------------------------------------------
     0 | D:1      | qw the Spriggan Hunter began the quest for the Orb.
     0 | D:1      | Reached XP level 1. HP: 10/10 MP: 2/2
     0 | D:1      | 0 ||| qw: Version: 0.3-a-155-g5e7d8dd
     0 | D:1      | 0 ||| qw: Game counter: 2544
     0 | D:1      | 0 ||| qw: Melee chars always use a shield: true
     0 | D:1      | 0 ||| qw: God list: Okawaru
     0 | D:1      | 0 ||| qw: Allow faded altars: false
     0 | D:1      | 0 ||| qw: Do Orc after clearing Dungeon:15 true
     0 | D:1      | 0 ||| qw: Do second Lair branch before Depths: true
     0 | D:1      | 0 ||| qw: Lair rune preference: random
     0 | D:1      | 0 ||| qw: Goals: Normal
     0 | D:1      | 0 ||| PLANNING D:1-11
    24 | D:1      | Reached skill level 3 in Dodging
    85 | D:1      | Reached XP level 2. HP: 14/14 MP: 3/3
   188 | D:1      | Found Cuebb's General Store.
   200 | D:1      | 200 ||| BUYING scroll of identify (26 gold).
   200 | D:1      | Bought a scroll of identify for 26 gold pieces
   200 | D:1      | 200 ||| SHOPLISTING scroll of teleportation (39 gold, have
                  | 31).
   222 | D:1      | You fall into a shaft and drop 1 floor!
   223 | D:2      | 223 ||| UPGRADING to ring of protection from fire.
   224 | D:2      | 224 ||| UPGRADING to ring of resist corrosion.
   225 | D:2      | 225 ||| READING 2 scrolls of identify.
   225 | D:2      | 225 ||| IDENTIFYING smoky blue potion
   226 | D:2      | 226 ||| READING scroll of identify.
   226 | D:2      | 226 ||| IDENTIFYING metallic golden potion
   227 | D:2      | 227 ||| DROPPING scroll of butterflies.
   228 | D:2      | 228 ||| DROPPING potion of brilliance.
   237 | D:2      | 237 ||| STAIRDANCE
   339 | D:1      | Reached XP level 3. HP: 18/18 MP: 4/4
   548 | D:1      | 548 ||| READING scroll labelled TANIUXT NAOPNIKK.
   634 | D:2      | 634 ||| STAIRDANCE
   643 | D:1      | HP: 4/18 [goblin/+0 dagger (1)]
   704 | D:2      | 704 ||| STAIRDANCE
   707 | D:1      | Slain by a gnoll

Levels and vault maps discovered:
D:1:      saegor_arrival_simple_d, layout_basic, serial_shops, shop,
          serial_corexii_hall, corexii_hall_statues_s, corexii_hall_statues_u,
          minmay_misc_feat_room
D:2:      minmay_wonky_spiral, layout_basic, minmay_shallow_snake_nest

Skill      XL: |  1  2 |
---------------+-------+-----
Dodging        | 3 4 |  4.0
Fighting       | |  1.5
Ranged Weapons | |  4.8
Stealth        | |  1.5

Action                     || total
---------------------------++-------
   Fire: Shortbow          ||   108
    Use: Scroll            ||     3
 Armour: Robe              ||    21
  Dodge: Dodged            ||    56

Table legend:
 A = Non-vault XP
 B = Vault XP
 C = Vault XP percentage of total XP
 D = Non-vault monster count
 E = Vault monster count
 F = Vault count percentage of total count
                 A         B        C        D         E       F
            +---------+---------+-------+---------+---------+-------
      Total |      71 |       0 |   0.0 |      37 |       0 |   0.0
            +---------+---------+-------+---------+---------+-------
        D:1 |      71 |       0 |   0.0 |      37 |       0 |   0.0
            +---------+---------+-------+---------+---------+-------
